 Dungeon Crawl Stone Soup version 0.25.0-41-g26779e291d (webtiles) character file.

Game seed: 5495903741729042044

86 Ethylacetat the Changer (level 4, -2/28 HPs)
             Began as an Octopode Transmuter on July 10, 2020.
             Slain by an orc
             ... wielding a +0 mace
              (4 damage)
             ... on level 2 of the Dungeon.
             The game lasted 00:05:03 (2345 turns).

Ethylacetat the Changer (Octopode Transmuter)       Turns: 2345, Time: 00:05:04

Health: -2/28      AC:  1    Str: 10    XL:     4   Next: 49%
Magic:  7/8        EV: 13    Int: 15    God:
Gold:   179        SH:  0    Dex: 12    Spells: 7/8 levels left

rFire    . . .     SeeInvis +     - Unarmed
rCold    . . .     Gourm    .   (no shield)
rNeg     . . .     Faith    .   (helmet restricted)
rPois    .         Spirit   .   (no amulet)
rElec    .         Reflect  .   i - ring of see invisible
rCorr    .         Harm     .   (no ring)
MR       .....                  (no ring)
Stlth    ++........             (no ring)
HPRegen  0.09/turn              (no ring)
MPRegen  0.11/turn              (no ring)
                                (no ring)
                                (no ring)

@: appendage
A: almost no armour, stealthy swim, amphibious, 8 rings, constrict 8, tentacle
spike 3, camouflage 1, gelatinous body 1
a: End Transformation


You were on level 2 of the Dungeon.
You were hungry.
One of your tentacles had a temporary spike.
You visited 1 branch of the dungeon, and saw 3 of its levels.

You collected 179 gold pieces.

Inventory:

Missiles
 a - 29 arrows
Jewellery
 i - a ring of see invisible (left tentacle)
Scrolls
 b - 3 scrolls of identify {unknown}
 g - a scroll of remove curse {unknown}
Potions
 f - a potion of haste {unknown}
 h - a potion of magic {unknown}
Comestibles
 c - 4 rations
 d - 9 chunks of flesh


   Skills:
 - Level 1.0 Fighting
 - Level 2.0 Dodging
 - Level 3.0 Unarmed Combat
 + Level 2.9 Spellcasting
 * Level 3.9 Transmutations


You had 7 spell levels left.
You knew the following spells:

 Your Spells              Type           Power        Failure   Level  Hunger
a - Beastly Appendage     Tmut           ##....       4%          1    #......

Your spell library contained the following spells:

 Spells                   Type           Power        Failure   Level  Hunger
 Sticks to Snakes         Tmut           ##......     6%          2    ##.....
 Spider Form              Tmut/Pois      #.........   26%         3    ###....
 Ice Form                 Ice/Tmut       #.......     65%         4    #####..
 Blade Hands              Tmut           ##........   73%         5    ######.


Dungeon Overview and Level Annotations

Branches:
Dungeon (3/15)

Altars:
Cheibriados


Innate Abilities, Weirdness & Mutations

You cannot wear most types of armour.
You are very stealthy in the water. (Stealth+)
You are amphibious.
You can wear up to eight rings at the same time.
You can use your tentacles to constrict eight enemies at once.
Your skin changes colour to match your surroundings (Stealth+).
Your rubbery body absorbs attacks. (AC +1, EV +1)
One of your tentacles bears a large vicious spike.


Message History

The orc hits you with a +0 mace.
* * * LOW HITPOINT WARNING * * *
You closely miss the orc wizard. Your grab misses the orc wizard.
Your tentacle spike misses the orc wizard.
The orc wizard is severely wounded.
The adder bites you.
* * * LOW HITPOINT WARNING * * *
The orc wizard hits you but does no damage.
You tentacle-slap the orc wizard but do no damage.
Your grab misses the orc wizard.
You pierce the orc wizard.
The orc wizard is almost dead.
The adder completely misses you. The orc closely misses you.
The orc wizard barely misses you.
You closely miss the orc wizard. You grab the orc wizard.
Your squeeze misses the orc wizard.
The orc wizard is almost dead.
You constrict the orc wizard. The adder bites you.
* * * LOW HITPOINT WARNING * * *
The orc hits you with a +0 mace.
You die...

#.#####.##..........#
#....#..
##.#####.##.#######..#
###..... .........##.#
#..# ##......
##.########.#
#..#####....... #.# #.#
#.............. #.# #.#
#>..####..<.... ##.##
#.# #.......#.....#
#...##
#.#######)......##...##
.....##
#....o@......>.[###.##
......#
####.oS##.......# #.##
......# #.............#
#..# ......#
#..).##.......####.#
.....##
#.#.###............#
#(..## #.#.#
##.###.#######
##.##########.#.# #.#
#.# ##.###.......#..#
#.# #.# ###
#.#.##.######.###
#<###^######..


You could see an orc wizard, an adder and an orc.

Vanquished Creatures
  2 adders (D:2)
  An ooze (D:2)
  5 worms
  A dart slug (D:3)
  2 leopard geckos (D:2)
  6 bats
  5 giant cockroaches
  7 goblins
  2 hobgoblins (D:2)
  2 quokkas
  A ball python (D:2)
  2 frilled lizards (D:3)
  5 kobolds
  6 rats
47 creatures vanquished.

Notes
Turn   | Place    | Note
-------+----------+-------------------------------------------
     0 | D:1      | Ethylacetat the Octopode Transmuter began the quest for the
                  | Orb.
     0 | D:1      | Reached XP level 1. HP: 13/13 MP: 3/3
   614 | D:1      | Reached XP level 2. HP: 18/18 MP: 5/5
  1290 | D:2      | Reached XP level 3. HP: 23/23 MP: 6/6
  1295 | D:2      | Found a snail-covered altar of Cheibriados.
  1375 | D:2      | Reached XP level 4. HP: 14/28 MP: 6/8
  2127 | D:2      | You fall into a shaft and drop 1 floor!
  2339 | D:3      | HP: 1/28 [orc wizard/+0 dagger (5)]
  2345 | D:2      | Slain by an orc

Illustrated notes

Levels and vault maps discovered:
D:1:      matt_arrival_los_fun, layout_loops_corners, minmay_misc_feat_enclosed
D:2:      layout_loops_ring, nicolae_overflow_crystal_walls
D:3:      layout_rooms, first_ration, chequers_jeans

Skill      XL: |  1  2 |
---------------+-------+-----
Transmutations | 3 |  3.9
Fighting       | |  1.0
Dodging        | |  2.0
Unarmed Combat | |  3.0
Spellcasting   | |  2.9

Action                   |  1- 3 |  4- 6 || total
-------------------------+-------+-------++-------
Melee: Unarmed           |    72 |    58 ||   130
       Constrict         |    21 |    15 ||    36
       Tentacles         |    12 |     7 ||    19
       Punch             |     2 |     1 ||     3
       Kick              |     2 |     1 ||     3
 Cast: Beastly Appendage |     3 |     2 ||     5
  Use: Potion            |     2 |     1 ||     3
 Stab: Sleeping          |     5 |     4 ||     9
  Eat: Chunk             |     1 |     3 ||     4
Armor: Skin              |    12 |     7 ||    19
Dodge: Dodged            |    60 |    44 ||   104
